 Dungeon Crawl Stone Soup version 0.22-a0-417-g1387785 (webtiles) character file.

690 Goblin1989 the Chopper (level 7, -2/79 HPs)
             Began as a Demonspawn Chaos Knight on May 14, 2018.
             Slain by a wraith (8 damage)
             ... in an ossuary.
             The game lasted 00:15:13 (1764 turns).

Goblin1989 the Chopper (Demonspawn Chaos Knight)    Turns: 1764, Time: 00:15:14

Health: -2/79      AC: 23    Str: 14    XL:     7   Next: 36%
Magic:  7/7        EV:  2    Int: 13    God:    Xom [..*...]
Gold:   97         SH:  0    Dex: 13    Spells: 6/6 levels left

rFire    . . .     SeeInvis .   a - +0 hand axe (chaos)
rCold    . . .     Gourm    .   (no shield)
rNeg     + + +     Faith    .   (armour currently unavailable)
rPois    +         Spirit   .   (helmet currently unavailable)
rElec    .         Reflect  .   (cloak currently unavailable)
rCorr    .         Harm     .   (gloves currently unavailable)
MR       .....     NoTele   +   (boots currently unavailable)
Stlth    +.........             (no amulet)
HPRegen  0.23/turn              o - ring of positive energy
MPRegen  0.10/turn              (no ring)

@: tree-form, slowed, very slow
A: no striking features
a: Renounce Religion


You were in an ossuary.
You worshipped Xom.
You were a toy of Xom.
You were not hungry.
You were a tree.
You visited 1 branch of the dungeon, and saw 4 of its levels.
You also visited: Ossuary.

You collected 97 gold pieces.

Inventory:

Hand Weapons
 a - a +0 hand axe of chaos (weapon)
 u - a +0 war axe
Missiles
 f - a tomahawk of returning (quivered)
Armour
 b - a +3 leather armour (melded)
Jewellery
 o - a ring of positive energy (left branch)
Scrolls
 i - a scroll of fog
 r - 5 scrolls of amnesia
 s - a scroll of immolation
 t - a scroll of remove curse {@r3}
 M - a scroll of magic mapping
 N - a scroll of blinking {unknown}
 R - a scroll of identify {@r1}
Potions
 S - a potion of curing {@q1}
Comestibles
 e - 2 rations


   Skills:
 + Level 3.9 Fighting
 + Level 7.2 Axes
 - Level 1.7 Armour
 + Level 2.3 Dodging


You had 6 spell levels left.
You didn't know any spells.
Your spell library was empty.

Dungeon Overview and Level Annotations

Branches:
Dungeon (4/15)
 Temple: D:4-7

Altars:
Qazlal
Uskayaw


Innate Abilities, Weirdness & Mutations

((You have a pair of horns on your head.))
((When seriously injured, your bleeding wounds create thick armour. (AC +0)))


Message History

There is an open gate here.
As you open the door, it creaks loudly!
There is an open door here.
As you open the door, it creaks loudly!
A wraith comes into view.
There is an open door here.
You barely miss the wraith. The wraith barely misses you.
You closely miss the wraith. The wraith misses you.
You closely miss the wraith. The wraith misses you.
You hit the wraith. You burn the wraith. You headbutt the wraith.
The wraith is moderately damaged.
The wraith hits you!
Your blood congeals into armour.
The wraith drains your vigour!
You feel yourself slow down.
You take 8 damage, and have 34/53 hp.
You hit the wraith. You freeze the wraith. Your headbutt misses the wraith.
The wraith is moderately damaged.
The wraith hits you but does no damage. x2
You hit the wraith but do no damage.
The wraith flickers and vanishes!
Deactivating autopickup; reactivate with Ctrl-A.
Something hits you but does no damage.
An orc skeleton comes into view.
You miss something.
Something hits you but does no damage. x2
You barely miss something.
You hit the orc skeleton but do no damage.
Something hits you. Something drains your vigour!
You feel as though you will be slow longer.
You hit something. Your headbutt misses something. You hit the orc skeleton.
The orc skeleton convulses.
You destroy the orc skeleton!
Something hits you but does no damage.
You closely miss something. You headbutt something.
Something barely misses you. Something hits you. Something drains your vigour!
You feel as though you will be slow longer.
You take 2 damage, and have 32/53 hp.
You miss something. Something hits you but does no damage.
You closely miss something. Something hits you but does no damage.
You hit something but do no damage. Something hits you.
Something hits you but does no damage.
You take 6 damage, and have 27/53 hp.
You closely miss something. You headbutt something.
Something hits you but does no damage.
You barely miss something. Something hits you. Something drains your vigour!
You feel as though you will be slow longer.
Something hits you.
* * * LOW HITPOINT WARNING * * *
Something drains your vigour!
You feel as though you will be slow longer.
You take 6 damage, and have 21/53 hp.
You closely miss something. Something barely misses you.
Unknown command.
You hit something. Something hits you.
* * * LOW HITPOINT WARNING * * *
Something drains your vigour!
You feel as though you will be slow longer.
Something hits you.
* * * LOW HITPOINT WARNING * * *
Something drains your vigour!
You feel as though you will be slow longer.
You take 7 damage, and have 14/53 hp.
You closely miss something. Something hits you but does no damage.
Something hits you.
* * * LOW HITPOINT WARNING * * *
Something drains your vigour!
You feel as though you will be slow longer.
You take 4 damage, and have 10/53 hp.
You hit something. Something hits you.
* * * LOW HITPOINT WARNING * * *
You take 3 damage, and have 7/53 hp.
Unknown command.
It was a potion of flight.
You feel very buoyant.
You fly up into the air.
Something barely misses you. Something hits you but does no damage.
Unknown command.
You turn into a tree.
Your +3 leather armour melds into your body.
Your roots penetrate the ground.
Your blood armour dries and flakes away.
Something hits you but does no damage.
You now have 10/79 hp.
Unknown command.
You hit something.
Something hits you but does no damage. x2
You completely miss something. Something hits you but does no damage.
You barely miss something. Something hits you.
* * * LOW HITPOINT WARNING * * *
You take 4 damage, and have 7/79 hp.
You closely miss something.
Something hits you but does no damage. x2
You hit something but do no damage. Something hits you.
* * * LOW HITPOINT WARNING * * *
Something drains your vigour!
You feel as though you will be slow longer.
You take 2 damage, and have 6/79 hp.
You miss something.
A wraith appears from thin air!
Reactivating autopickup.
The wraith hits you but does no damage.
You closely miss the wraith.
The wraith is severely damaged.
The wraith hits you but does no damage. The wraith hits you!
You die...
Xom bursts into laughter!

██.. ..██
...█████... ██
.██...██. █..
██.....██ .
▲...█..?!.!.█ ..
█...██.!?..██...
█...██...██...█
█...██∆██...█ ..
█..♣W.....█ .
...█████∆█████..
................
................
███████∆∆∆██████
████...████
█..∆...∆..█
█..█...█..█
████...████


You could see a wraith.

Vanquished Creatures
  Sigmund (D:2)
  An ogre (D:4)
  2 orc priests (D:4)
  5 orc wizards
  2 worker ants (D:4)
  A mummy (Ossuary)
  3 gnolls (D:3)
  8 adders
  An ooze (D:4)
  2 worms (D:2)
  2 dart slugs
  4 leopard geckos
  12 orcs
  6 hobgoblins
  5 kobolds
  A quokka (D:2)
  6 bats
  4 frilled lizards
  3 gnoll skeletons (Ossuary)
  A goblin (D:1)
  7 orc skeletons (Ossuary)
  4 rats
81 creatures vanquished.

Vanquished Creatures (collateral kills)
  A rat (D:2)
1 creature vanquished.

Vanquished Creatures (others)
  A frilled lizard (D:3)
1 creature vanquished.

Grand Total: 83 creatures vanquished

Notes
Turn   | Place    | Note
-------+----------+-------------------------------------------
     0 | D:1      | Goblin1989 the Demonspawn Chaos Knight began the quest for the Orb.
     0 | D:1      | Reached XP level 1. HP: 18/18 MP: 1/1
    55 | D:1      | Reached skill level 3 in Axes
    80 | D:1      | Gained mutation: You have a pair of small horns on your head. [demonic ancestry]
    80 | D:1      | Reached XP level 2. HP: 18/24 MP: 2/2
   199 | D:2      | Noticed Sigmund
   220 | D:2      | XOM: potion effect (heal wounds)
   223 | D:2      | Killed Sigmund
   223 | D:2      | Reached skill level 5 in Axes
   223 | D:2      | Gained mutation: When seriously injured, your bleeding wounds create armour. (AC +0) [demonic ancestry]
   223 | D:2      | Reached XP level 3. HP: 20/29 MP: 3/3
   223 | D:2      | Gained mutation: You have a pair of horns on your head. [demonic ancestry]
   223 | D:2      | Reached XP level 4. HP: 25/35 MP: 4/4
   223 | D:2      | Reached XP level 5. HP: 29/41 MP: 5/5
   292 | D:2      | XOM: potion effect (might)
   416 | D:3      | XOM: summons 1 hostile shadow creature
   429 | D:3      | Found a stormy altar of Qazlal.
   433 | D:3      | Reached skill level 6 in Axes
   489 | D:3      | XOM: cast spell 'Summon Small Mammal'
   491 | D:3      | XOM: polymorph bat -> dart slug
   503 | D:3      | Gained mutation: When seriously injured, your bleeding wounds create thick armour. (AC +0) [demonic ancestry]
   503 | D:3      | Reached XP level 6. HP: 10/47 MP: 6/6
   632 | D:2      | XOM: cast spell 'Summon Small Mammal'
   789 | D:3      | XOM: polymorph bat -> dart slug
   805 | D:4      | Found a hide-covered altar of Uskayaw.
   805 | D:4      | Noticed a hand axe
   805 | D:4      | Noticed a dagger
   824 | D:4      | XOM: divination: detect creatures
   887 | D:4      | Reached skill level 1 in Dodging
  1201 | D:4      | Reached XP level 7. HP: 23/52 MP: 7/7
  1220 | D:4      | Reached skill level 7 in Axes
  1222 | D:4      | XOM: noise
  1336 | D:4      | Found a sand-covered staircase.
  1342 | Ossuary  | Entered an ossuary
  1342 | Ossuary  | Noticed a wraith
  1342 | Ossuary  | Noticed a wraith
  1342 | Ossuary  | Noticed a wraith
  1379 | Ossuary  | XOM: medium Conj miscast
  1389 | Ossuary  | XOM: harmless Hex miscast
  1733 | Ossuary  | Noticed a wraith
  1764 | Ossuary  | Slain by a wraith

Vault maps used:
D:1:      eino_arrival_water_star
D:2:      minmay_joined_circles, uniq_sigmund
D:3:      cheibrodos_greedy_goblins, gammafunk_temple_overflow_pools,
          grunt_qazlal_sundering, first_ration
D:4:      dancing_weapons_uskayaw, nicolae_ossuary_entry_monument,
          minmay_box_of_dots, uniq_menkaure
Ossuary:  ossuary_due_mausoleum

Skill      XL: |  1  2  3  4  5  6  7 |
---------------+----------------------+-----
Axes           | 3 5 6 7 |  7.2
Dodging        | 1 2 |  2.3
Fighting       | |  3.9
Armour         | |  1.7

Action                   |  1- 3 |  4- 6 |  7- 9 || total
-------------------------+-------+-------+-------++-------
Melee: Hand axe          |    46 |   174 |    59 ||   279
       Headbutt          |     3 |    22 |    11 ||    36
Throw: Tomahawk          |       |     1 |     3 ||     4
  Use: Potion            |     1 |     4 |     2 ||     7
       Scroll            |       |     8 |     1 ||     9
 Stab: Paralysed         |       |     1 |       ||     1
       Petrified         |       |       |     2 ||     2
       Confused          |       |       |     1 ||     1
  Eat: Chunk             |       |     1 |     1 ||     2
       Ration            |       |       |     1 ||     1
Armor: Leather armour    |    12 |    81 |    28 ||   121
       Skin              |       |       |     8 ||     8
Dodge: Dodged            |    45 |    79 |    30 ||   154

Table legend:
 A = Spawn XP
 B = Non-spawn XP
 C = Spawn XP percentage of total XP
 D = Spawn monster count
 E = Non-spawn monster count
 F = Spawn count percentage of total count
 G = Total turns spent on level
                    A         B        C        D         E        F      G
               +---------+---------+-------+---------+---------+-------+---------
         Total |       0 |     986 |   0.0 |       0 |      83 |   0.0 |  1764
               +---------+---------+-------+---------+---------+-------+---------
           D:1 |       0 |      19 |   0.0 |       0 |      12 |   0.0 |   131
           D:2 |       0 |     342 |   0.0 |       0 |      23 |   0.0 |   384
           D:3 |       0 |     141 |   0.0 |       0 |      14 |   0.0 |   300
           D:4 |       0 |     458 |   0.0 |       0 |      23 |   0.0 |   527
       Ossuary |       0 |      26 |   0.0 |       0 |      11 |   0.0 |   422
               +---------+---------+-------+---------+---------+-------+---------

Vault maps used:
D:1:      eino_arrival_water_star
D:2:      minmay_joined_circles, uniq_sigmund
D:3:      cheibrodos_greedy_goblins, gammafunk_temple_overflow_pools,
          grunt_qazlal_sundering, first_ration
D:4:      dancing_weapons_uskayaw, nicolae_ossuary_entry_monument,
          minmay_box_of_dots, uniq_menkaure
Ossuary:  ossuary_due_mausoleum
